Map: Zen LE

Players

Serral

  • Race: Zerg Zerg
  • League: Master
  • Spawn Location: 1:00

Vanya - Winner!

  • Race: Zerg Zerg
  • League: Master
  • Spawn Location: 7:00

VOD

Have the link to the VOD?

Description

Time

  • Played on: Jan. 14, 2020, 12:20 p.m.
  • Length: 3:48
Show
View Real Time Build Order
Export as new Build Order

Serral Zerg 

Build Orders: Hatch First 

Get SALT Encoding   

  12  0:00  Drone  
  13  0:12  Overlord  
  13  0:16  Drone  
  14  0:30  Drone x2  
  16  0:49  Hatchery  
  15  0:51  Drone  
  15  0:55  Drone  
  17  0:58  Drone  
  18  1:09  Extractor  
  17  1:13  Spawning Pool  
  17  1:17  Drone  
  17  1:20  Drone  
  18  1:27  Drone  
  19  2:00  Zergling x6  
  22  2:02  Zergling x2, Queen x2  
  27  2:09  Metabolic Boost  
  26  2:28  Zergling x4  
  26  2:29  Drone  
  26  2:30  Drone  
  26  2:37  Overlord  
  26  2:47  Queen  
  28  2:56  Overlord  
  28  3:00  Drone x2  
  28  3:04  Drone x2  
  32  3:08  Drone  
  32  3:11  Drone  
  34  3:17  Drone  
  36  3:23  Zergling x2  
  36  3:26  Evolution Chamber  
  34  3:27  Evolution Chamber  
  34  3:29  Evolution Chamber  
  32  3:38  Evolution Chamber  
Show
View Real Time Build Order
Export as new Build Order

Vanya Zerg - Winner!

Build Orders: Pool First 

Get SALT Encoding   

  12  0:17  Spawning Pool  
  11  0:21  Drone  
  11  0:26  Drone  
  13  0:31  Drone  
  14  0:39  Overlord  
  14  0:55  Extractor  
  13  1:03  Zergling x4  
  15  1:05  Zergling x2  
  16  1:17  Zergling x2  
  17  1:23  Hatchery  
  16  1:29  Zergling x2  
  17  1:37  Zergling x2  
  18  1:53  Queen  
  19  2:02  Metabolic Boost  
  19  2:07  Zergling x2  
  20  2:11  Zergling x2  
  21  2:25  Zergling x2  
  21  2:26  Zergling x2  
  19  2:37  Zergling x4  
  19  2:41  Zergling x2  
  21  2:46  Zergling x2  
  22  2:52  Zergling x2  
  22  2:57  Zergling x2  
  24  3:03  Overlord  
  24  3:07  Zergling x6  
  24  3:11  Zergling x2  
  28  3:22  Overlord  
  28  3:24  Zergling x2  
Tags
 
Add a new tag
Caveats
  • Supply blocks, unpowered buildings, or Contaminate may cause inaccurate times.
  • Supply counts are checked every 10 seconds.